 Dungeon Crawl Stone Soup version 0.27-a0-686-gaed091b46b (webtiles) character file.

Game seed: 8207451170812091939

453 DarkShadow the Chopper (level 6, -1/55 HPs)
             Began as a Minotaur Fighter on Mar 21, 2021.
             Killed by nerve-wracking pain
             ... invoked by an orc priest
              (2 damage)
             ... on level 5 of the Dungeon.
             The game lasted 00:11:06 (3681 turns).

DarkShadow the Chopper (Minotaur Fighter)           Turns: 3681, Time: 00:11:06

Health: -1/55      AC: 13    Str: 18 (21) XL:     6   Next: 75%
Magic:  5/5        EV: 20    Int:  4 (5)  God:
Gold:   82         SH:  0    Dex: 10 (11) Spells: 5/5 levels left

rFire    . . .     SeeInvis .   a - +0 war axe
rCold    . . .     Faith    .   c - +0 kite shield
rNeg     . . .     Spirit   .   o - +4 chain mail
rPois    .         Reflect  .   (helmet restricted)
rElec    .         Harm     .   (no cloak)
rCorr    .         Rampage  .   (no gloves)
Will     .....                  (no boots)
Stlth    ..........             r - amulet of the acrobat
HPRegen  0.18/turn              (no ring)
MPRegen  0.09/turn              (no ring)

@: confused, lethally poisoned (-1 -> -3), acrobatic
A: horns 2, retaliatory headbutt
a: no special abilities


You were on level 5 of the Dungeon.
You visited 1 branch of the dungeon, and saw 5 of its levels.

You collected 82 gold pieces.

Inventory:

Hand Weapons
 a - a +0 war axe (weapon)
Armour
 b - a +0 scale mail
 c - a +0 kite shield (worn)
 n - a +0 helmet
 o - a +4 chain mail (worn)
Jewellery
 r - an amulet of the acrobat (around neck)
Wands
 q - a wand of acid (11)
Scrolls
 j - 2 scrolls of identify
 p - 4 scrolls of fear
Potions
 d - a potion of might


   Skills:
 + Level 4.9 Fighting
 + Level 5.5 Axes
 + Level 5.2 Armour
 + Level 1.6 Dodging
 + Level 0.1 Stealth
 + Level 5.3 Shields


You had 5 spell levels left.
You didn't know any spells.
Your spell library was empty.

Dungeon Overview and Level Annotations

Branches:
Dungeon (5/15)
 Temple: D:4-7

Altars:
Ashenzari

Annotations:
D:4 Dowan, Duvessa


Innate Abilities, Weirdness & Mutations

You have a pair of horns on your head.
You reflexively headbutt those who attack you in melee.


Message History

You closely miss the quokka. Your headbutt misses the quokka.
The quokka is severely wounded.
You closely miss something.
Your chain mail prevents you from hitting the orc priest.
You block the quokka's attack.
You hear some strange, mumbled words.
You are confused.
The orc priest calls down the wrath of Beogh upon you.
Beogh smites you! Something hits you.
The quokka bites you but does no damage.
The orc priest hits you but does no damage.
You bump into the rock wall.
You feel sick.
The quokka bites you but does no damage.
Something hits you but does no damage.
The orc priest hits you but does no damage.
You closely miss the quokka. You headbutt the quokka.
You kill the quokka!
You closely miss something. You closely miss the orc priest.
The orc throws a silver boomerang.
The silver boomerang hits you.
You hear some strange, mumbled words.
A puff of flame appears from out of thin air!
The puff of flame hits you!
* * * LOW HITPOINT WARNING * * *
The orc priest barely misses you.
The orc throws a silver boomerang.
The silver boomerang hits you.
* * * LOW HITPOINT WARNING * * *
x2 The worker ant zombie bites you but does no damage.
You slash the orc priest!
The orc priest is severely wounded.
You closely miss something. You closely miss the worker ant zombie.
* * * LOW HITPOINT WARNING * * *
You feel sick.
The orc priest hits you but does no damage.
Unknown command.
You bump into the rock wall.
The orc priest hits you but does no damage.
Something hits you but does no damage.
The orc priest calls down the wrath of Beogh upon you.
Pain shoots through your body!
You die...

....#............
....#............
#................
#................
#...............
#.....>....#....
#......#>o.....$
#.$....@.oZ....#
.......####o#....
....... .. .
....... ...
....... $..
....... ..
.$..... . .....:.


You could see an orc priest, 2 orcs and a worker ant zombie.

Vanquished Creatures
  A centaur zombie (D:5)
  A hound (D:4)
  Jessica (D:1)
  Ijyb (D:3)
  3 orc wizards
  2 worker ants
  Robin (D:2)
  4 gnolls (D:4)
  5 adders
  An ooze (D:2)
  3 worms (D:2)
  5 dart slugs
  4 leopard geckos
  7 orcs
  12 bats
  13 goblins
  9 hobgoblins
  4 jackals (D:2)
  3 quokkas
  5 frilled lizards
  7 kobolds
  7 rats
99 creatures vanquished.

Notes
Turn   | Place    | Note
-------+----------+-------------------------------------------
     0 | D:1      | DarkShadow the Minotaur Fighter began the quest for the
                  | Orb.
     0 | D:1      | Reached XP level 1. HP: 19/19 MP: 0/0
    71 | D:1      | Reached XP level 2. HP: 22/27 MP: 1/1
   361 | D:1      | Reached XP level 3. HP: 33/33 MP: 2/2
   916 | D:2      | Noticed Robin
   919 | D:2      | Noticed Jessica
   930 | D:1      | Reached skill level 1 in Dodging
  1169 | D:1      | Killed Jessica
  1170 | D:1      | Reached XP level 4. HP: 31/40 MP: 3/3
  1366 | D:2      | Killed Robin
  1654 | D:2      | Reached XP level 5. HP: 47/47 MP: 4/4
  1994 | D:2      | Found a broken altar of Ashenzari.
  2244 | D:3      | Noticed Ijyb
  2253 | D:3      | Killed Ijyb
  2899 | D:3      | Reached skill level 5 in Axes
  3155 | D:3      | Reached XP level 6. HP: 49/55 MP: 5/5
  3333 | D:4      | Reached skill level 5 in Shields
  3345 | D:4      | HP: 1/55 [gnoll/+0 halberd (6)]
  3347 | D:4      | Reached skill level 5 in Armour
  3652 | D:4      | Noticed Duvessa
  3654 | D:4      | Noticed Dowan
  3656 | D:5      | Entered Level 5 of the Dungeon
  3678 | D:5      | HP: 1/55 [orc/silver boomerang (2)]
  3681 | D:5      | Killed from afar by an orc priest

Illustrated notes

Levels and vault maps discovered:
D:1:      onia_arrival_pyramid, layout_loops_ring, minmay_hexomino_c4
D:2:      layout_rooms, serial_glass, glass_columns_b, glass_columns_c,
          ashenzari_altar_1, uniq_robin, uniq_jessica
D:3:      layout_loops_cross, minmay_misc_feat_secret_circle, uniq_ijyb
D:4:      black_bear_nest_1, layout_cave_pools,
          nicolae_wu_jian_immortal_techniques, minmay_temple_entry_glass,
          uniq_duvessa, uniq_blork_the_orc
D:5:      layout_rooms, gammafunk_ghost_cemetery, serial_shops, shop_statue,
          shop, shop_statue

Skill      XL: |  1  2  3  4  5  6 |
---------------+-------------------+-----
Fighting       | 4 |  4.9
Axes           | 3 4 5 |  5.5
Shields        | 4 5 |  5.3
Dodging        | 1 |  1.6
Armour         | 4 5 |  5.2
Stealth        | |  0.1

Action                   |  1- 3 |  4- 6 || total
-------------------------+-------+-------++-------
Melee: War axe           |    74 |   131 ||   205
       Headbutt          |     8 |    22 ||    30
  Use: Scroll            |       |     6 ||     6
       Potion            |       |     6 ||     6
Armor: Scale mail        |    83 |    14 ||    97
       Chain mail        |       |    72 ||    72
Dodge: Dodged            |    61 |    46 ||   107
Block: Kite shield       |    93 |   103 ||   196

Table legend: (Time is in decaauts)
 A = Elapsed time spent in this place.
 B = Non-inter-level travel time spent in this place.
 C = Inter-level travel time spent in this place.
 D = Time resting spent in this place.
 E = Time spent auto-exploring this place.
 F = Levels seen in this place.
 G = Mean time per level.
                   A        B        C        D        E       F      G
               +--------+--------+--------+--------+--------+-----+--------+
         Total |   3781 |   3781 |      0 |   1311 |   1371 |   5 |  756.2 |
       Dungeon |   3781 |   3781 |      0 |   1311 |   1371 |   5 |  756.2 |
               +--------+--------+--------+--------+--------+-----+--------+

Top non-repeatable levels by time:
     D:1: 1366 daAuts
     D:3: 949 daAuts
     D:2: 929 daAuts
     D:4: 506 daAuts
     D:5: 30 daAuts
